 Dungeon Crawl Stone Soup version 0.27-a0-1139-g28e009f8a6 (webtiles) character file.

Game seed: 11973214164611549283

89 robertstho the Skirmisher (level 4, -1/41 HPs)
             Began as a Minotaur Berserker on May 7, 2021.
             Was a Believer of Trog.
             Slain by a gnoll
             ... wielding a +0 spear
              (4 damage)
             ... on level 2 of the Dungeon.
             The game lasted 00:01:48 (1444 turns).

robertstho the Skirmisher (Minotaur Berserker)      Turns: 1444, Time: 00:01:49

Health: -1/41      AC:  2    Str: 21    XL:     4   Next: 31%
Magic:  3/3        EV: 12    Int:  5    God:    Trog [**....]
Gold:   97         SH:  0    Dex: 10    Spells: 3/3 levels left

rFire    . . .     SeeInvis .   a - +0 hand axe
rCold    . . .     Faith    .   (no shield)
rNeg     . . .     Spirit   .   b - +0 animal skin
rPois    .         Reflect  .   (helmet restricted)
rElec    .         Harm     .   (no cloak)
rCorr    .         Rampage  .   (no gloves)
Will     .....                  (no boots)
Stlth    +.........             (no amulet)
HPRegen  0.13/turn              (no ring)
MPRegen  0.08/turn              (no ring)

@: on berserk cooldown, slowed, very slow
A: horns 2, retaliatory headbutt
a: Renounce Religion, Berserk, Trog's Hand


You were on level 2 of the Dungeon.
You worshipped Trog.
Trog was pleased with you.
You visited 1 branch of the dungeon, and saw 2 of its levels.

You collected 97 gold pieces.

Inventory:

Hand Weapons
 a - a +0 hand axe (weapon)
Armour
 b - a +0 animal skin (worn)
Scrolls
 c - a scroll of identify
 e - a scroll of teleportation
Potions
 d - 2 potions of haste {unknown}
 f - a potion of brilliance {unknown}
 g - a potion of curing {unknown}


   Skills:
 * Level 4.7 Fighting
 + Level 4.4 Axes
 * Level 3.1 Armour
 * Level 3.0 Dodging
 + Level 0.3 Stealth


You had 3 spell levels left.
You didn't know any spells.
Your spell library was empty.

Dungeon Overview and Level Annotations

Branches:
Dungeon (2/15)

Altars:

Shops:
D:1 *![(


Innate Abilities, Weirdness & Mutations

You have a pair of horns on your head.
You reflexively headbutt those who attack you in melee.


Message History

The adder barely misses you. You furiously retaliate!
You headbutt the adder!
You kill the adder!
Trog accepts your kill.
You have reached level 4!
You feel agile.
You hit the gnoll.
The gnoll is lightly wounded.
You slash the gnoll!
The gnoll hits you from afar with a +0 spear.
The gnoll hits you with a +0 flail. The gnoll hits you with a +0 whip!
You slash the gnoll!
You kill the gnoll!
Trog accepts your kill.
You barely miss the gnoll.
The gnoll hits you from afar with a +0 spear.
* * * LOW HITPOINT WARNING * * *
You hit the gnoll.
The gnoll is moderately wounded.
The gnoll hits you with a +0 flail.
* * * LOW HITPOINT WARNING * * *
Unknown command.
You closely miss the gnoll.
The gnoll is moderately wounded.
The gnoll hits you from afar with a +0 spear.
* * * LOW HITPOINT WARNING * * *
The gnoll barely misses you.
You slash the gnoll!
You kill the gnoll!
Trog accepts your kill. The gnoll closely misses you.
Your Dodging skill increases to level 3!
You barely miss the gnoll.
You are no longer berserk.
You are exhausted.
You feel yourself slow down. The gnoll hits you with a +0 spear.
* * * LOW HITPOINT WARNING * * *
You hit the gnoll. Your headbutt misses the gnoll.
The gnoll is moderately wounded.
The gnoll hits you with a +0 spear.
You die...

##..#.##.###.......##..........>
................#..##........#..
......>.................<#......
................................
...............##..(............
..##..#...##...##...............
...........#....................
................#...............
...............g@...............
................)...............
.....###....##..)...............
.†..##g##................#.....#
....Sg†.#....#.......#######...
...(##g##....##............ ..
.....#'###+#..##..########.
.#####.##..##. ##.#
##.Z.'#'.!..# ...


You could see a gnoll.

Vanquished Creatures
  3 gnolls
  An adder (D:2)
  A worm (D:2)
  3 dart slugs
  4 ball pythons
  4 endoplasms
  2 giant cockroaches (D:1)
  7 hobgoblins
  2 jackals (D:2)
  2 kobolds (D:1)
  A quokka (D:1)
  2 bats (D:1)
  2 frilled lizards
  3 goblins
  5 rats
42 creatures vanquished.

Notes
Turn   | Place    | Note
-------+----------+-------------------------------------------
     0 | D:1      | robertstho the Minotaur Berserker began the quest for the
                  | Orb.
     0 | D:1      | Reached XP level 1. HP: 19/19 MP: 0/0
     3 | D:1      | Found Ithrifiu's Weapon Emporium.
    16 | D:1      | Found Barroeq's Antique Armour Boutique.
    33 | D:1      | Found Boitoc's Assorted Antiques.
   311 | D:1      | Found Ynuxiumi's Distillery.
   335 | D:1      | Reached XP level 2. HP: 27/27 MP: 1/1
   704 | D:1      | Reached XP level 3. HP: 33/33 MP: 2/2
  1150 | D:2      | Reached ** piety under Trog
  1437 | D:2      | Reached XP level 4. HP: 40/41 MP: 3/3
  1443 | D:2      | HP: 2/41 [gnoll/+0 spear (3)]
  1444 | D:2      | Slain by a gnoll

Illustrated notes

Levels and vault maps discovered:
D:1:      scummos_arrival_forest, layout_rooms, serial_shops, shop, shop,
          shop_statue, nicolae_shop_trees, minmay_close_crescents
D:2:      layout_rooms, minmay_joined_circles, uniq_terence

Skill      XL: |  1  2  3  4 |
---------------+-------------+-----
Fighting       | 4 |  4.7
Axes           | 4 |  4.4
Armour         | 3 |  3.1
Dodging        | 3 |  3.0
Stealth        | |  0.3

Action                   |  1- 3 |  4- 6 || total
-------------------------+-------+-------++-------
Melee: Hand axe          |    73 |     7 ||    80
       Headbutt          |    14 |       ||    14
Invok: Berserk           |     4 |       ||     4
       Trog's Hand       |     1 |       ||     1
  Use: Scroll            |     2 |       ||     2
Armor: Animal skin       |    20 |       ||    20
Dodge: Dodged            |    63 |     2 ||    65

Table legend: (Time is in decaauts)
 A = Elapsed time spent in this place.
 B = Non-inter-level travel time spent in this place.
 C = Inter-level travel time spent in this place.
 D = Time resting spent in this place.
 E = Time spent auto-exploring this place.
 F = Levels seen in this place.
 G = Mean time per level.
                   A        B        C        D        E       F      G
               +--------+--------+--------+--------+--------+-----+--------+
         Total |   1481 |   1471 |     10 |    290 |    962 |   2 |  740.5 |
       Dungeon |   1481 |   1471 |     10 |    290 |    962 |   2 |  740.5 |
               +--------+--------+--------+--------+--------+-----+--------+

Top non-repeatable levels by time:
     D:1: 1188 daAuts
     D:2: 293 daAuts
